 Dungeon Crawl Stone Soup version 0.28-a0-397-g1a7b1a870f (webtiles) character file.

Game seed: 12339477733944849964

1385 Froggeryz the Slicer (level 8, -3/50 HPs)
             Began as an Octopode Brigand on Sept 4, 2021.
             Slain by an iguana (12 damage)
             ... on level 5 of the Dungeon.
             The game lasted 00:06:18 (6005 turns).

Froggeryz the Slicer (Octopode Brigand)             Turns: 6005, Time: 00:06:18

Health: -3/50      AC:  1    Str: 10    XL:     8   Next: 67%
Magic:  8/8        EV: 12    Int: 14    God:
Gold:   110        SH:  4    Dex: 15    Spells: 7/7 levels left

rFire   . . .      SeeInvis +   d - +2 dagger (vamp)
rCold   . . .      Faith    .   (no shield)
rNeg    . . .      Spirit   .   (helmet restricted)
rPois   .          Reflect  .   (no amulet)
rElec   .          Harm     .   (no ring)
rCorr   .          Rampage  .   (no ring)
Will    .....      Clarity  +   (no ring)
Stlth   +++++.....              (no ring)
HPRegen 0.16/turn               (no ring)
MPRegen 0.11/turn               (no ring)
                                (no ring)
                                (no ring)

@: lethally poisoned (-3 -> -5)
A: almost no armour, amphibious, 8 rings, camouflage 1, gelatinous body 1,
(nimble swimmer 1), tentacles, large bone plates 1, see invisible, clarity
a: no special abilities


You were on level 5 of the Dungeon.
You visited 1 branch of the dungeon, and saw 6 of its levels.

You collected 214 gold pieces.
You spent 104 gold pieces at shops.

Inventory:

Hand Weapons
 d - a +2 vampiric dagger (weapon)
 g - a +0 hunting sling
 x - a +2 short sword of holy wrath
Missiles
 a - 2 throwing nets
 b - 7 poisoned darts (quivered)
 c - 2 curare-tipped darts
 i - 122 stones
 r - 14 sling bullets
Scrolls
 e - 3 scrolls of enchant armour
 f - 5 scrolls of summoning
 k - a scroll of torment {unknown}
 s - a scroll of brand weapon
 u - a scroll of teleportation
Potions
 h - a potion of heal wounds
 j - a potion of mutation
 l - a potion of resistance {unknown}
 m - a potion of attraction {unknown}
 n - a potion of haste {unknown}
 o - a potion of lignification {unknown}
 p - 2 potions of curing
 q - a potion of flight {unknown}
 t - a potion of brilliance
 v - 2 potions of berserk rage {unknown}
 w - a potion of might


   Skills:
 - Level 2.0 Fighting
 * Level 9.7 Short Blades
 - Level 2.0 Throwing
 - Level 1.0 Dodging
 - Level 8.0 Stealth


You had 7 spell levels left.
You didn't know any spells.
Your spell library contained the following spells:

 Spells                   Type           Power      Damage    Failure   Level
 Foxfire                  Conj/Fire      0%         2x1d4     28%         1
 Slow                     Hex            0%         N/A       41%         2
 Confusing Touch          Hex            0%         N/A       65%         3
 Conjure Flame            Conj/Fire      0%         6-21      65%         3
 Inner Flame              Hex/Fire       0%         N/A       65%         3
 Flame Wave               Conj/Fire      0%         3d3       96%         4
 Hailstorm                Conj/Ice       0%         3d3       96%         4
 Ice Form                 Ice/Tmut       0%         N/A       96%         4
 Leda's Liquefaction      Hex/Erth       0%         N/A       96%         4
 Lee's Rapid Deconstruct  Erth           0%         3d5*      100%        5
 Yara's Violent Unravell  Hex/Tmut       0%         3d3       100%        5
 Simulacrum               Ice/Necr       0%         N/A       100%        6
 Statue Form              Tmut/Erth      0%         N/A       100%        6


Dungeon Overview and Level Annotations

Branches:
Dungeon (6/15)
 Temple: D:4-7

Altars:
Uskayaw
Vehumet
Xom

Shops:
D:5 !


Innate Abilities, Weirdness & Mutations

You cannot wear most types of armour.
You are amphibious.
You can wear up to eight rings at the same time.
Your skin changes colour to match your surroundings (Stealth+).
Your rubbery body absorbs attacks. (AC +1, EV +1)
((You are camouflaged near water. (Stealth+)))
You have tentacles for arms and can constrict up to eight enemies at once.
You are partially covered in large bone plates. (SH +4)
You have supernaturally acute eyesight. (SInv)
You possess an exceptional clarity of mind.


Message History

You completely miss the adder skeleton.
The adder skeleton is severely damaged.
You constrict the adder skeleton, but do no damage.
You block the adder skeleton's attack.
You hit the adder skeleton.
You destroy the adder skeleton!
You feel sick.
You hit the iguana. Your grab misses the iguana.
The iguana is moderately wounded.
The iguana bites you!
You are too injured to fight recklessly!
You are too injured to fight recklessly!
You are too injured to fight recklessly!
You are too injured to fight recklessly!
You are too injured to fight recklessly!
You are too injured to fight recklessly!
You are too injured to fight recklessly!
You are too injured to fight recklessly!
You are too injured to fight recklessly!
You are too injured to fight recklessly!
You are too injured to fight recklessly!
You are too injured to fight recklessly!
You are too injured to fight recklessly!
You are too injured to fight recklessly!
You are too injured to fight recklessly!
You hit the iguana. Your grab misses the iguana.
The iguana is moderately wounded.
You feel sick.
You hit the iguana but do no damage. Your grab misses the iguana.
Your squeeze misses the iguana.
The iguana is moderately wounded.
The iguana bites you!
* * * LOW HITPOINT WARNING * * *
You hit the iguana but do no damage. Your grab misses the iguana.
The iguana is moderately wounded.
You feel sick.
You hit the iguana.
You feel better.
You grab the iguana.
The iguana is severely wounded.
You constrict the iguana. The iguana bites you!
You die...

.#
#.........#
...##...##.#
#..#.##.#
#....#..#
#...###.##
...#.##..#
.####.#..##
###...##
#..@.##
#.#l## ..
... ...
..... #.#
....... .
.........
..........#
..<........#


You could see an iguana.

Vanquished Creatures
  Sigmund (D:2)
  A water moccasin (D:5)
  A black bear (D:6)
  2 ogres
  A phantom (D:6)
  A water moccasin skeleton (D:2)
  7 hounds
  2 centaur skeletons
  An iguana (D:5)
  Terence (D:2)
  6 orc wizards (D:4)
  3 hound skeletons
  Robin (D:1)
  3 gnolls (D:2)
  6 adders
  A white imp (D:6)
  An ufetubus (D:6)
  An adder skeleton (D:5)
  An adder zombie (D:5)
  4 worms
  3 dart slugs
  17 orcs
  3 bats
  6 endoplasms
  4 giant cockroaches
  15 goblins
  10 hobgoblins
  3 jackals (D:4)
  7 kobolds
  2 quokkas
  4 ball pythons
  4 frilled lizards
  7 rats
130 creatures vanquished.

Notes
Turn   | Place    | Note
-------+----------+-------------------------------------------
     0 | D:1      | Froggeryz the Octopode Brigand began the quest for the Orb.
     0 | D:1      | Reached XP level 1. HP: 14/14 MP: 1/1
   407 | D:1      | Reached XP level 2. HP: 12/19 MP: 2/2
   648 | D:1      | Found a faded altar of an unknown god.
  1100 | D:2      | Reached skill level 3 in Short Blades
  1100 | D:2      | Reached XP level 3. HP: 24/24 MP: 3/3
  1472 | D:2      | Reached XP level 4. HP: 9/29 MP: 4/4
  1739 | D:2      | Reached skill level 4 in Short Blades
  1938 | D:2      | Noticed Robin
  1965 | D:1      | Killed Robin
  1966 | D:1      | Reached XP level 5. HP: 28/34 MP: 5/5
  2317 | D:2      | Noticed Sigmund
  2324 | D:2      | Gained mutation: You are partially covered in large bone
                  | plates. (SH +4) [potion of mutation]
  2324 | D:2      | Gained mutation: You have hidden genetic potential. [potion
                  | of mutation]
  2329 | D:2      | HP: 1/34 [Sigmund (7)]
  2332 | D:2      | Killed Sigmund
  2333 | D:2      | Reached skill level 5 in Short Blades
  2333 | D:2      | Reached XP level 6. HP: 1/39 MP: 6/6
  2354 | D:2      | Gained mutation: You possess an exceptional clarity of
                  | mind. [hidden potential]
  2719 | D:2      | Noticed Terence
  2722 | D:2      | Killed Terence
  3005 | D:3      | You fall into a shaft and drop 3 floors!
  3139 | D:6      | Reached skill level 6 in Short Blades
  3139 | D:6      | Reached XP level 7. HP: 38/45 MP: 7/7
  3219 | D:6      | Gained mutation: You have supernaturally acute eyesight.
                  | (SInv) [hidden potential]
  3219 | D:6      | Lost mutation: You have hidden genetic potential. [hidden
                  | potential expressed]
  3258 | D:6      | Reached skill level 7 in Short Blades
  3519 | D:6      | Found a shimmering altar of Xom.
  3580 | D:5      | Entered Level 5 of the Dungeon
  3663 | D:5      | Found Xughu's Distillery.
  3687 | D:5      | Bought a potion of curing for 39 gold pieces
  3687 | D:5      | Bought a potion of heal wounds for 65 gold pieces
  3829 | D:3      | Reached XP level 8. HP: 50/50 MP: 8/8
  3877 | D:3      | Found a radiant altar of Vehumet.
  3887 | D:3      | Reached skill level 8 in Short Blades
  5492 | D:4      | Reached skill level 9 in Short Blades
  5871 | D:5      | Found a hide-covered altar of Uskayaw.
  6005 | D:5      | Slain by an iguana

Illustrated notes

Levels and vault maps discovered:
D:1:      matt_arrival_diagonals, layout_basic, ebering_ecumenical_altar_box,
          nrook_mini_vaults, minmay_pentomino_u4
D:2:      layout_rooms, uniq_terence, uniq_sigmund, uniq_robin
D:3:      layout_basic, old_standard_altar, kennysheep_generic_room_16
D:4:      layout_basic
D:5:      layout_rooms, mainiacjoe_overflow_cross_hatched, serial_shops, shop
D:6:      layout_loops_cross, lemuel_doored_altar,
          chequers_temple_overflow_minitemple, minmay_temple_entry_poolview,
          minmay_puff

Skill      XL: |  1  2  3  4  5  6  7  8 |
---------------+-------------------------+-----
Short Blades   | 3 4 5 6 7 9 |  9.7
Stealth        | 6 7 8 |  8.0
Fighting       | |  2.0
Throwing       | |  2.0
Dodging        | |  1.0

Action                   |  1- 3 |  4- 6 |  7- 9 || total
-------------------------+-------+-------+-------++-------
Melee: Dagger            |    53 |    76 |   240 ||   369
       Tentacles         |     6 |    11 |    48 ||    65
       Constrict         |    11 |    15 |    47 ||    73
Throw: Dart              |     1 |     7 |       ||     8
  Use: Potion            |       |     4 |     1 ||     5
       Scroll            |       |     2 |     3 ||     5
 Stab: Sleeping          |     6 |     8 |    16 ||    30
       Distracted        |       |       |     1 ||     1
Armor: Skin              |     7 |     2 |     8 ||    17
Dodge: Dodged            |    18 |    29 |    69 ||   116
Block: Other             |       |     2 |    36 ||    38

Table legend: (Time is in decaauts)
 A = Elapsed time spent in this place.
 B = Non-inter-level travel time spent in this place.
 C = Inter-level travel time spent in this place.
 D = Time resting spent in this place.
 E = Time spent auto-exploring this place.
 F = Levels seen in this place.
 G = Mean time per level.
                   A        B        C        D        E       F      G
               +--------+--------+--------+--------+--------+-----+--------+
         Total |   5883 |   5710 |    173 |   1811 |   2903 |   6 |  980.5 |
       Dungeon |   5883 |   5710 |    173 |   1811 |   2903 |   6 |  980.5 |
               +--------+--------+--------+--------+--------+-----+--------+

Top non-repeatable levels by time:
     D:1: 1473 daAuts
     D:2: 1404 daAuts
     D:4: 1160 daAuts
     D:3: 1046 daAuts
     D:6: 563 daAuts
     D:5: 235 daAuts
